 Dungeon Crawl Stone Soup version 0.29.0-4-gdea44cf6ec (webtiles) character file.

Game seed: 5750826253520594949

108 qw the Chopper (level 5, 0/41 HPs)
             Began as a Formicid Cinder Acolyte on Sept 3, 2022.
             Was a High Priest of Ignis.
             Slain by an ogre
             ... wielding a +0 giant spiked club
              (8 damage)
             ... on level 3 of the Dungeon.
             The game lasted 00:01:31 (3378 turns).

qw the Chopper (Formicid Cinder Acolyte)            Turns: 3378, Time: 00:01:32

Health: 0/41       AC: 16    Str: 21    XL:     5   Next: 12%
Magic:  0/6        EV: 10    Int: 13    God:    Ignis [*****.]
Gold:   172        SH:  0    Dex:  9    Spells: 6/6 levels left

rFire   + . .      SeeInvis +   Y - +0 hand axe (flame)
rCold   . . .      Faith    .   (no shield)
rNeg    + . .      Spirit   +   a - +0 ring mail
rPois   .          Reflect  .   (helmet unavailable)
rElec   .          Harm     .   b - +0 cloak
rCorr   .          Rampage  .   c - +1 pair of gloves
Will    .....                   l - +0 pair of boots
Stlth   ..........              g - amulet of guardian spirit
HPRegen 0.13/turn               i - ring of positive energy
MPRegen 0.10/turn               (no ring)

@: fiery-armoured
A: permanent stasis, dig shafts and tunnels, antennae 3, four strong arms
a: Dig, Shaft Self, Renounce Religion, Fiery Armour, Foxfire Swarm, Rising Flame


You were on level 3 of the Dungeon.
You worshipped Ignis.
Ignis was extremely pleased with you.
You visited 1 branch of the dungeon, and saw 3 of its levels.

You collected 172 gold pieces.


Innate Abilities, Weirdness & Mutations

You cannot be hasted, slowed, berserked, paralysed or teleported.
You can dig through walls and to a lower floor.
You have a pair of large antennae on your head. (SInv)
Your four strong arms can wield two-handed weapons with a shield.


   Skills:
 - Level 3.2 Fighting
 + Level 5.0 Axes
 - Level 1.0 Armour
 - Level 1.2 Dodging
 - Level 1.1 Spellcasting
 - Level 3.0 Fire Magic


You had 6 spell levels left.
You didn't know any spells.
Your spell library contained the following spells:

 Spells                   Type           Power      Damage    Failure   Level
 Scorch                   Fire           16%        2d5       21%         2

Inventory:

Hand Weapons
 Y - a +0 hand axe of flaming (weapon)
Armour
 a - a +0 ring mail (worn)
 b - a +0 cloak (worn)
 c - a +1 pair of gloves (worn)
 l - a +0 pair of boots (worn)
Jewellery
 g - an amulet of guardian spirit (around neck)
 i - a ring of positive energy (left hand)
 j - a ring of protection from fire
Scrolls
 e - 3 scrolls of butterflies {unknown}
 m - a scroll of identify
Potions
 d - 2 potions of mutation {unknown}
 f - a potion of degeneration {unknown}
 h - a potion of curing {unknown}
 k - a potion of heal wounds {unknown}

Dungeon Overview and Level Annotations

Branches:
Dungeon (3/15)

Altars:


Message History

You closely miss the adder. The adder bites you but does no damage.
You miss the adder. The adder bites you but does no damage.
You slash the adder! You burn the adder.
The adder is severely wounded.
The adder barely misses you. The adder closely misses you.
You slash the adder! You burn the adder.
You kill the adder!
Your Dodging skill increases to level 1!
There is a stone staircase leading down here.
There is a stone staircase leading down here.
You sense a monster nearby.
An ogre comes into view. It is wielding a +0 giant spiked club.
Found a ring mail.
Found a stone staircase leading down.
The ogre shouts!
A bat comes into view.
You hit the ogre but do no damage. The bat barely misses you.
The ogre closely misses you.
You hit the ogre. You burn the ogre. You punch the ogre.
The ogre is lightly wounded.
The bat hits you.
The ogre hits you with a +0 giant spiked club!!
Ouch! That really hurt!
3376 ||| INVOKING Fiery Armour.
A protective cloak of flame settles atop you.
The bat closely misses you.
The ogre hits you with a +0 giant spiked club!
The ogre is burned by your cloak of flames.
The ogre is lightly wounded.
You hit the ogre. You burn the ogre.
The ogre is moderately wounded.
The bat barely misses you.
You hit the ogre. You burn the ogre.
The ogre is severely wounded.
The bat hits you but does no damage.
The bat is burned by your cloak of flames.
You kill the bat!
The ogre hits you with a +0 giant spiked club!
You die...

..# #.# #.#
..#### #.#
#.# .....#
#.# #.##
.###..# #.#
#..# .#
....#.# ##.#
.# ##...# #.#
.# #.# #
.#### #.#[#
....# #@O.#
###.#
#.......#..#
#.#
#.#####.....#
#.# ###.#.#
#.# ...# #.#
... #.# #.##
#.# ># #.#
#.#


You could see an ogre.

Vanquished Creatures
  An orc wizard (D:3)
  4 adders
  A dart slug (D:2)
  2 orcs (D:3)
  4 endoplasms
  A giant cockroach (D:3)
  2 goblins
  2 hobgoblins
  2 jackals (D:2)
  4 quokkas
  6 ball pythons
  5 bats
  5 frilled lizards
  7 kobolds
  3 rats
49 creatures vanquished.

Vanquished Creatures (others)
  A withered plant (D:1)
1 creature vanquished.

Grand Total: 50 creatures vanquished

Notes
Turn   | Place    | Note
-------+----------+-------------------------------------------
     0 | D:1      | qw the Formicid Cinder Acolyte began the quest for the Orb.
     0 | D:1      | Reached XP level 1. HP: 18/18 MP: 2/2
     0 | D:1      | 0 ||| qw: Version: 0.1-a-102-g441f92d
     0 | D:1      | 0 ||| qw: Game counter: 5291
     0 | D:1      | 0 ||| qw: Always use a shield: true
     0 | D:1      | 0 ||| qw: God list: Okawaru
     0 | D:1      | 0 ||| qw: Allow faded altars: false
     0 | D:1      | 0 ||| qw: Do Orc after D:15 true
     0 | D:1      | 0 ||| qw: Do second Lair branch before Depths: true
     0 | D:1      | 0 ||| qw: Lair rune preference: random
     0 | D:1      | 0 ||| qw: Plans: Normal
     0 | D:1      | 0 ||| PLANNING D:1-11
   337 | D:1      | Reached XP level 2. HP: 24/24 MP: 3/3
   469 | D:1      | Found a faded altar of an unknown god.
  1188 | D:1      | 1188 ||| UPGRADING to +0 leather armour.
  1198 | D:1      | 1198 ||| DROPPING +0 robe.
  1199 | D:1      | 1199 ||| DROPPING amulet of magic regeneration.
  1200 | D:1      | 1200 ||| UPGRADING to ring of positive energy.
  1201 | D:1      | 1201 ||| READING scroll labelled WEIQIX FYCOI.
  1202 | D:1      | 1202 ||| READING scroll labelled GOSYTOQE VYOG.
  1203 | D:1      | 1203 ||| READING 2 scrolls labelled GUECHI HUVUZ.
  1204 | D:1      | 1204 ||| DRINKING 2 fizzy white potions.
  1205 | D:1      | 1205 ||| DROPPING potion of brilliance.
  1225 | D:2      | 1225 ||| STAIRDANCE
  1325 | D:2      | Reached skill level 4 in Axes
  1325 | D:2      | Reached XP level 3. HP: 19/29 MP: 4/4
  2068 | D:2      | 2068 ||| UPGRADING to +0 cloak.
  2073 | D:2      | 2073 ||| UPGRADING to +0 pair of gloves.
  2078 | D:2      | 2078 ||| UPGRADING to +0 pair of boots.
  2083 | D:2      | 2083 ||| READING scroll of enchant armour.
  2083 | D:2      | 2083 ||| ENCHANTING +0 pair of gloves.
  2084 | D:2      | 2084 ||| UPGRADING to amulet of guardian spirit.
  2089 | D:2      | 2089 ||| DROPPING +6 ring of intelligence.
  2090 | D:2      | 2090 ||| READING scroll labelled AGEROLL HUKOUN.
  2091 | D:2      | 2091 ||| DRINKING 2 metallic dark potions.
  2125 | D:2      | Reached skill level 1 in Armour
  2125 | D:2      | Reached XP level 4. HP: 29/35 MP: 3/5
  2197 | D:2      | 2197 ||| DROPPING potion of lignification.
  2486 | D:3      | Reached skill level 5 in Axes
  2509 | D:3      | 2509 ||| FLEEEEING.
  2510 | D:3      | 2510 ||| FLEEEEING.
  2511 | D:3      | 2511 ||| FLEEEEING.
  2512 | D:3      | 2512 ||| FLEEEEING.
  2518 | D:3      | 2518 ||| FLEEEEING.
  2519 | D:3      | 2519 ||| FLEEEEING.
  2520 | D:3      | 2520 ||| FLEEEEING.
  2521 | D:3      | 2521 ||| FLEEEEING.
  2522 | D:3      | 2522 ||| FLEEEEING.
  2523 | D:3      | 2523 ||| FLEEEEING.
  2524 | D:3      | 2524 ||| FLEEEEING.
  2535 | D:3      | 2535 ||| FLEEEEING.
  2536 | D:3      | 2536 ||| FLEEEEING.
  2537 | D:3      | 2537 ||| FLEEEEING.
  2538 | D:3      | 2538 ||| FLEEEEING.
  2539 | D:3      | 2539 ||| FLEEEEING.
  2540 | D:3      | 2540 ||| FLEEEEING.
  2541 | D:3      | 2541 ||| FLEEEEING.
  2542 | D:3      | 2542 ||| FLEEEEING.
  2543 | D:3      | 2543 ||| FLEEEEING.
  2544 | D:3      | 2544 ||| FLEEEEING.
  2545 | D:3      | 2545 ||| FLEEEEING.
  2546 | D:3      | 2546 ||| FLEEEEING.
  2547 | D:3      | 2547 ||| FLEEEEING.
  2553 | D:3      | 2553 ||| FLEEEEING.
  2554 | D:3      | 2554 ||| FLEEEEING.
  2555 | D:3      | 2555 ||| FLEEEEING.
  2561 | D:3      | 2561 ||| FLEEEEING.
  2562 | D:3      | 2562 ||| FLEEEEING.
  2563 | D:3      | 2563 ||| FLEEEEING.
  2564 | D:3      | 2564 ||| FLEEEEING.
  2565 | D:3      | 2565 ||| FLEEEEING.
  2566 | D:3      | 2566 ||| FLEEEEING.
  2567 | D:3      | 2567 ||| FLEEEEING.
  2568 | D:3      | 2568 ||| FLEEEEING.
  2569 | D:3      | 2569 ||| FLEEEEING.
  2570 | D:3      | 2570 ||| FLEEEEING.
  2571 | D:3      | 2571 ||| FLEEEEING.
  2572 | D:3      | 2572 ||| FLEEEEING.
  2578 | D:3      | 2578 ||| FLEEEEING.
  2586 | D:3      | 2586 ||| FLEEEEING.
  2601 | D:3      | 2601 ||| FLEEEEING.
  2602 | D:3      | 2602 ||| FLEEEEING.
  2603 | D:3      | 2603 ||| FLEEEEING.
  2604 | D:3      | 2604 ||| FLEEEEING.
  2605 | D:3      | 2605 ||| FLEEEEING.
  2607 | D:3      | HP: 8/35 [poisoned by a kobold]
  2608 | D:3      | 2608 ||| FLEEEEING.
  2609 | D:3      | 2609 ||| STAIRDANCE
  2885 | D:2      | 2885 ||| UPGRADING to +0 ring mail.
  2895 | D:2      | 2895 ||| DROPPING +0 leather armour.
  2896 | D:2      | 2896 ||| READING scroll labelled CUTHAPLANA.
  3011 | D:3      | 3011 ||| Stepping ~*~*~tactically~*~*~ (stealth).
  3020 | D:3      | Reached XP level 5. HP: 39/41 MP: 6/6
  3354 | D:3      | Reached skill level 1 in Dodging
  3373 | D:3      | Noticed an ogre
  3376 | D:3      | 3376 ||| INVOKING Fiery Armour.
  3376 | D:3      | HP: 8/41 [ogre/+0 giant spiked club (7)]
  3378 | D:3      | Slain by an ogre

Levels and vault maps discovered:
D:1:      dpeg_arrival_signposts, layout_loops_ring,
          ebering_ecumenical_altar_petrified
D:2:      layout_loops_ring
D:3:      layout_basic

Skill      XL: |  1  2  3  4  5 |
---------------+----------------+-----
Axes           | 4 5 |  5.0
Armour         | 1 |  1.0
Dodging        | 1 |  1.2
Fighting       | |  3.2
Spellcasting   | |  1.1
Fire Magic     | |  3.0

Action                   |  1- 3 |  4- 6 || total
-------------------------+-------+-------++-------
Melee: Hand axe          |   109 |    66 ||   175
       Punch             |       |     1 ||     1
Invok: Fiery Armour      |       |     1 ||     1
  Use: Scroll            |     5 |     1 ||     6
       Potion            |     2 |       ||     2
Armor: Robe              |     9 |       ||     9
       Leather armour    |    15 |    17 ||    32
       Ring mail         |       |     8 ||     8
Dodge: Dodged            |    59 |    43 ||   102

Table legend:
 A = Non-vault XP
 B = Vault XP
 C = Vault XP percentage of total XP
 D = Non-vault monster count
 E = Vault monster count
 F = Vault count percentage of total count
                 A         B        C        D         E       F
            +---------+---------+-------+---------+---------+-------
      Total |     156 |       0 |   0.0 |      49 |       0 |   0.0
            +---------+---------+-------+---------+---------+-------
        D:1 |      23 |       0 |   0.0 |      17 |       0 |   0.0
        D:2 |      48 |       0 |   0.0 |      15 |       0 |   0.0
        D:3 |      85 |       0 |   0.0 |      17 |       0 |   0.0
            +---------+---------+-------+---------+---------+-------
